Unix NetHack Version 5.0.0-0 post-release - last build Jun 10 2026 00:39:30 (3ee93aec679c4c4259841fe613dc97188e26a321,branch:main).

Game began 2026-06-23 21:33:35, ended 2026-06-23 21:53:04.

ARFwashere, neutral male human Archeologist

   -----         -------
   |....-        ..<...|
   |             |......
                 --.----                 -----
                                          ..C|
                                          ...|
                                         -...|
                                         |...|
                                         |C..|
                                 |       |...|
                                 |.  -----...|
                                 |.....C.....|
                                 |C........@i|
                                 -------------

ARFwashere the Field Worker  St:13 Dx:9 Co:13 In:15 Wi:18 Ch:9  Neutral
Dlvl:5  $:0  HP:0(33) Pw:25(25) AC:1  Xp:4 T:3583  Burdened

Latest messages:
 The imp misses the newt.
 The newt misses!
 You hit the newt.
 Your hands no longer glow so brightly red.
 The newt appears confused.
 You kill the newt!
 You hit the imp.
 You miss the imp.
 The imp misses!
 You miss the imp.
 You hit the imp.
 Your hands no longer glow so brightly red.
 The imp hits!
 "I should fart in thy direction, but it might improve thy smell!"
 You hit the imp.
 Your hands stop glowing red.
 You miss the imp.
 The imp hits!
 You hit the imp.
 The imp hits!
 "I should fart in thy direction, but it might improve thy smell!"
 You miss the imp.
 The imp misses!
 The imp misses!
 You miss the imp.
 The imp just misses!
 You hit the imp.
 The imp hits!
 You hit the imp.
 The imp misses!
 The imp misses!
 "Methinks thou wert unnaturally stirred by yon corpse back there, eh, varlet?"
 You miss the imp.
 The imp hits!
 You miss the imp.
 The imp misses!
 You miss the imp.
 The imp hits!
 The imp hits!
 The imp hits!
 What do you want to zap? [z or ?*] z
 In what direction? >
 You dig a hole through the ground.
 You fall through...
 You die...
 Do you want your possessions identified? [ynq] (y) y
 Do you want to see your attributes? [ynq] (y) y
 Do you want an account of creatures vanquished? [ynaq] (y) y
 Do you want to see your conduct and achievements? [ynq] (y) y
 Do you want to see the dungeon overview? [ynq] (y) y

Inventory:
 Weapons  (')')
  a - a blessed +2 bullwhip (alternate weapon; not wielded)
 Armor    ('[')
  n - an uncursed +1 orcish helm (being worn)
  A - an uncursed +0 crystal plate mail (being worn)
 Comestibles  ('%')
  d - 4 uncursed food rations
 Scrolls  ('?')
  q - an uncursed scroll of enchant armor
  y - an uncursed scroll of identify
 Spellbooks  ('+')
  k - an uncursed spellbook of magic missile
 Potions  ('!')
  x - a potion of unholy water
 Wands    ('/')
  z - a wand of digging (0:5)
 Tools    ('(')
  h - an uncursed sack containing 1 item
  o - an uncursed blindfold
  i - an uncursed oil lamp
  e - a very corroded +0 pick-axe (weapon in right hand)
  f - a tinning kit (0:38)
 Gems/Stones  ('*')
  g - an uncursed touchstone

Contents of the sack:
  1120 gold pieces

ARFwashere the Archeologist's attributes:

Background:
 You were a Field Worker, a level 4 male human Archeologist.
 You were neutral, on a mission for Camaxtli
 who was opposed by Quetzalcoatl (lawful) and Huhetotl (chaotic).
 You were right-handed.
 You were in the Dungeons of Doom, on level 5.
 You entered the dungeon 3583 turns ago.
 You had 96 experience points, 64 more were needed to attain level 5.

Basics:
 You had 0 out of 33 hit points.
 You had all 25 energy points (spell power).
 Your armor class was 1.
 Your wallet was empty, but
 you had 1120 zorkmids stashed away in your pack.
 Autopickup was on for '$' plus thrown.

Final Characteristics:
 Your strength was 13 (limit:18/100).
 Your dexterity was 9 (limit:18).
 Your constitution was 13 (limit:18).
 Your intelligence was 15 (limit:18).
 Your wisdom was 18 (limit:18).
 Your charisma was 9 (limit:18).

Final Status:
 You weren't hungry.
 You were burdened; movement was slightly slowed.
 You were wielding a pick-axe.
 You had basic skill with pick-axe.

Final Attributes:
 You were piously aligned.
 You had automatic searching.
 You were guarded.
 You are dead.

Miscellaneous:
 You didn't encounter any bones levels.
 Total elapsed playing time was 19 minutes and 29 seconds.

Major events:
 Turn
    1: ARFwashere the neutral male human Archeologist entered the dungeon
 1009: attained the rank of Field Worker (level 3)
 3583: killed by falling down a mine shaft

You didn't know any spells.

Skills:
 Fighting Skills
   bare handed combat [Unskilled]
   two weapon combat  [Unskilled]
   riding             [Unskilled]
 Weapon Skills
   dagger             [Unskilled]
   knife              [Unskilled]
   pick-axe           [Basic]
   short sword        [Unskilled]
   saber              [Unskilled]
   club               [Unskilled]
   quarterstaff       [Unskilled]
   sling              [Unskilled]
   dart               [Unskilled]
   boomerang          [Unskilled]
   whip               [Basic]
   unicorn horn       [Unskilled]
 Spellcasting Skills
   attack spells      [Unskilled]
   healing spells     [Unskilled]
   divination spells  [Unskilled]
   matter spells      [Unskilled]

Voluntary challenges:
 Character rerolling was not enabled.
 You never genocided any monsters.
 You never polymorphed an object.
 You never changed form.
 You used no wishes.
Achievements:
 You attained the rank of Field Worker.
 You entered a shop.

 The Dungeons of Doom: levels 1 to 5
    Level 1:
       Some fountains.
    Level 2:
       A fountain.
    Level 3:
       An altar to Camaxtli, a fountain.
    Level 4:
       A potion shop, a fountain, a grave.
    Level 5: <- You were here.
       Final resting place for
          you, killed by falling down a mine shaft.


Vanquished creatures:
  2 shriekers
  a giant bat
  2 orc zombies
  3 iguanas
  2 acid blobs
  a coyote
  a gas spore
  a hobbit
  a large kobold
  a gecko
  2 jackals
  3 foxes
  6 goblins
  7 grid bugs
  2 bats
  3 lichens
  3 kobold zombies
  5 newts
46 creatures vanquished.

No species were genocided or became extinct.

Game over:
                       ----------
                      /          \
                     /    REST    \
                    /      IN      \
                   /     PEACE      \
                  /                  \
                  |    ARFwashere    |
                  |     1120 Au      |
                  |    killed by     |
                  |  falling down a  |
                  |    mine shaft    |
                  |                  |
                  |       2026       |
                 *|     *  *  *      | *
        _________)/\\_//(\/(/\)/\//\/|_)_______

Goodbye ARFwashere the Archeologist...

You died in The Dungeons of Doom on dungeon level 5 with 1602 points,
and 1120 pieces of gold, after 3583 moves.
You were level 4 with a maximum of 33 hit points when you died.

